 Dungeon Crawl Stone Soup version 0.27.1-4-g1640c2035a (webtiles) character file.

Game seed: 2005020591505165757

207382 DiogoH the Brawler (level 18, 0/170 HPs)
             Began as a Ghoul Gladiator on Nov 14, 2021.
             Was an Elder of Wu Jian.
             Slain by a dire elephant (25 damage)
             ... led by an ironbound beastmaster
             ... on level 1 of the Vaults on Nov 17, 2021.
             The game lasted 06:10:58 (52955 turns).

DiogoH the Brawler (Ghoul Gladiator)               Turns: 52955, Time: 06:10:58

Health: 0/170      AC: 17    Str: 22    XL:     18   Next: 75%
Magic:  17/17      EV: 12    Int:  7    God:    Wu Jian [****..]
Gold:   1982       SH:  9    Dex: 10    Spells: 17/17 levels left

rFire    + . .     SeeInvis .     - Unarmed
rCold    + . .     Faith    .   E - +0 buckler
rNeg     + + +     Spirit   .   y - +4 scale mail of Ru's Hatred {rF+ Slay+3}
rPois    ∞         Reflect  +   b - +0 helmet
rElec    .         Harm     .   (no cloak)
rCorr    .         Rampage  .   (no gloves)
Will     +++..                  s - +0 pair of boots {Stlth+}
Stlth    +++.......             A - amulet of reflection
HPRegen  0.00/turn              T - ring of willpower
MPRegen  0.15/turn              Q - ring of willpower

@: exhausted, inhibited regen
A: claws 1, cold resistance 1, negative energy resistance 3, inhibited
regeneration, torment resistance 2
}: 1/15 runes: barnacled
a: Renounce Religion, Wall Jump, Serpent's Lash


You were on level 1 of the Vaults.
You worshipped Wu Jian.
Wu Jian was greatly pleased with you.
You visited 7 branches of the dungeon, and saw 32 of its levels.
You also visited: Bailey and Volcano.

You collected 4740 gold pieces.
You spent 2758 gold pieces at shops.

Inventory:

Hand Weapons
 n - a +4 scimitar of flaming
Missiles
 h - 62 poisoned darts
 l - 16 javelins (quivered)
 q - 5 curare-tipped darts
 t - 132 boomerangs
 C - 18 throwing nets
 M - 8 boomerangs of dispersal
 R - 4 atropa-tipped darts
 X - 33 silver javelins
Armour
 b - a +0 helmet (worn)
 s - a +0 pair of boots of stealth (worn)
 y - the +4 scale mail of Ru's Hatred (worn) {rF+ Slay+3}
   (You found it on level 5 of the Lair of Beasts)

   Slay:      It affects your accuracy & damage with ranged weapons and melee
   (+3).
   rF:        It protects you from fire.
 E - a +0 buckler (worn)
Jewellery
 w - a ring of protection from fire
 A - an amulet of reflection (around neck)
 N - a ring of protection from fire
 O - a ring of resist corrosion
 Q - a ring of willpower (right claw)
 S - a +4 ring of slaying
 T - a ring of willpower (left claw)
Wands
 c - a wand of flame (16)
 f - a wand of paralysis (14)
 p - a wand of acid (17)
 B - a wand of digging (3)
 D - a wand of polymorph (9)
 F - a wand of mindburst (45)
 H - a wand of charming (9)
 V - a wand of iceblast (4)
Scrolls
 g - 3 scrolls of fear
 j - 10 scrolls of teleportation
 m - 3 scrolls of identify
 z - 3 scrolls of noise
 G - 5 scrolls of magic mapping
 J - 6 scrolls of immolation
 K - 3 scrolls of vulnerability
 L - 2 scrolls of silence
 P - a scroll of summoning
 U - 2 scrolls of amnesia
 W - a scroll of enchant armour
Potions
 a - 4 potions of resistance
 d - 6 potions of haste
 e - 4 potions of attraction
 i - 14 potions of curing
 o - 6 potions of flight
 r - 8 potions of ambrosia
 v - 3 potions of might
 I - a potion of cancellation
Miscellaneous
 x - a condenser vane


   Skills:
 + Level 17.2 Fighting
 + Level 10.9 Throwing
 + Level 14.2 Armour
 - Level 6.0 Dodging
 - Level 8.0 Stealth
 - Level 4.0 Shields
 * Level 18.6 Unarmed Combat
 - Level 8.0 Evocations


You had 17 spell levels left.
You didn't know any spells.
Your spell library contained the following spells:

 Spells                   Type           Power      Damage    Failure   Level
 Sting                    Tmut/Pois      0%         1d3       67%         1
 Blink                    Tloc           N/A        N/A       80%         2
 Corpse Rot               Necr/Air       N/A        N/A       80%         2
 Poisonous Vapours        Pois/Air       0%         N/A       80%         2
 Slow                     Hex            0%         N/A       80%         2
 Confusing Touch          Hex            0%         N/A       95%         3
 Inner Flame              Hex/Fire       0%         N/A       95%         3
 Portal Projectile        Hex/Tloc       0%         N/A       95%         3
 Tukima's Dance           Hex            0%         N/A       95%         3
 Vampiric Draining        Necr           0%         2d6       95%         3
 Airstrike                Air            0%         N/A       100%        4
 Cause Fear               Hex            0%         N/A       100%        4
 Dispel Undead            Necr           0%         3d6       100%        4
 Fulminant Prism          Conj/Hex       0%         3d6       100%        4
 Iskenderun's Mystic Bla  Conj/Tloc      0%         2d3       100%        4
 Olgreb's Toxic Radiance  Pois           0%         N/A       100%        4
 Passage of Golubria      Tloc           N/A        N/A       100%        4
 Summon Lightning Spire   Summ/Air       0%         N/A       100%        4
 Excruciating Wounds      Necr           0%         N/A       100%        5
 Irradiate                Conj/Tmut      0%         3d13      100%        5
 Lee's Rapid Deconstruct  Erth           0%         3d5*      100%        5
 Lightning Bolt           Conj/Air       0%         1d11      100%        5
 Manifold Assault         Tloc           0%         N/A       100%        5
 Yara's Violent Unravell  Hex/Tmut       0%         3d3       100%        5
 Death Channel            Necr           0%         N/A       100%        6
 Discord                  Hex            0%         N/A       100%        8
 Beastly Appendage        Tmut           Unusable   N/A       N/A         1
 Wereblood                Tmut           Unusable   N/A       N/A         2
 Spider Form              Tmut/Pois      Unusable   N/A       N/A         3
 Blade Hands              Tmut           Unusable   N/A       N/A         5
 Dragon Form              Tmut           Unusable   N/A       N/A         7
 Storm Form               Tmut/Air       Unusable   N/A       N/A         7

Dungeon Overview and Level Annotations

Branches:
Dungeon (15/15)            Temple (1/1) D:7            Lair (6/6) D:9
 Shoals (4/4) Lair:3       Spider (3/4) Lair:3        Slime (0/5) Lair:5
    Orc (2/2) D:12            Elf (0/3) Orc:2        Vaults (1/5) D:14
 Depths (0/5) D:15         Bailey (visited)         Volcano (visited)

Altars:
Ashenzari
Cheibriados
Dithmenos
Elyvilon
Fedhas
Gozag
Hepliaklqana
Kikubaaqudgha
Makhleb
Nemelex Xobeh
Okawaru
Qazlal
Ru
Sif Muna
Trog
Uskayaw
Vehumet
Wu Jian
Xom
Yredelemnul
Zin
The Shining One
Beogh
Jiyva

Shops:
D:1 *   D:4 *   D:5 *   Orc:1 (!=   Orc:2 (=([:   Shoals:2 (

Annotations:
D:2 Sigmund
D:9 2 runed translucent doors
D:11 exclusions: downstairs and upstairs
Spider:3 exclusion: spark wasp


Innate Abilities, Weirdness & Mutations

You thrive by killing the living.
You are immune to poison.
You have sharp fingernails.
Your flesh is cold resistant. (rC+)
You are immune to negative energy. (rN+++)
You do not regenerate when monsters are visible.
You are immune to unholy pain and torment.


Message History

The dire elephant is heavily wounded.
You mangle the dire elephant!!
The dire elephant is severely wounded.
You spin and attack the dire elephant, with incredible momentum.
You mangle the dire elephant!!
The dire elephant is almost dead.
Your supernatural speed expires.
You spin and attack the dire elephant.
You scratch the dire elephant but do no damage.
The dire elephant is severely wounded.
You spin and attack the dire elephant.
You scratch the dire elephant but do no damage.
The dire elephant is almost dead.
The dire elephant tramples you but does no damage.
The dire elephant trunk-slaps you but does no damage.
The dire elephant tramples you!!
* * * LOW HITPOINT WARNING * * *
You stumble backwards!
You spin and attack the dire elephant repeatedly.
You scratch the dire elephant but do no damage.
The dire elephant is severely wounded.
You scratch the dire elephant but do no damage.
The dire elephant is severely wounded.
The dire elephant tramples you!!
* * * LOW HITPOINT WARNING * * *
You stumble backwards!
You feel much better. The dire elephant tramples you!
* * * LOW HITPOINT WARNING * * *
You hold your ground!
The dire elephant trunk-slaps you but does no damage.
The dire elephant barely misses you. You block the dire elephant's attack.
Okay, then.
Okay, then.
Okay, then.
Okay, then.
Okay, then.
You spin and attack the dire elephant.
You scratch the dire elephant.
The dire elephant is almost dead.
The dire elephant tramples you!!
You die...

#+##
#####..#
#...#..#
#...#..#
#...##.#
##...#..#
#....@YY#
#...∩...#
#.......#
#.[#...##
#..#.#.#
#..#...#
#..#...#
#..#####
#+##


You could see 2 dire elephants.

Vanquished Creatures
  Rupert (D:13)
  A kraken (Shoals:2)
  Kirke (Spider:1)
  Frances (Lair:3)
  Agnes (D:15)
  Ilsuiw (Shoals:3)
  A frost giant (Shoals:4)
  An orc warlord (Orc:2)
  The ghost of zurenarrh the Brawler, a journeyman TrHu of the Shining One (Orc:1)
  An emperor scorpion (Spider:3)
  An entropy weaver (Spider:1)
  Azrael (D:12)
  A dire elephant (D:15)
  6 merfolk javelineers
  8 merfolk impalers
  13 hydras
  Harold (D:8)
  6 merfolk avatars
  2 boulder beetles
  5 centaur warriors
  4 alligator snapping turtles
  A catoblepas (Lair:6)
  6 two-headed ogres
  3 satyrs
  A death knight (D:12)
  13 death yaks
  2 tengu warriors (D:15)
  4 merfolk aquamancers
  An alligator (Shoals:2)
  4 orc high priests
  An ironbound beastmaster (D:14)
  Nergalle (D:11)
  14 skeletal warriors
  15 sea snakes
  2 goliath frogs (Lair:6)
  14 harpies
  A deep elf archer (Volcano)
  A phantasmal warrior (D:12)
  A lindwurm (Orc:2)
  9 deep elf pyromancers
  An ironbound convoker (Vaults:1)
  2 ugly things
  3 wizards (D:14)
  9 orb spiders
  3 orc knights
  14 manticores
  An orc sorcerer (Orc:2)
  22 fauns
  A salamander (D:15)
  11 wolf spiders
  10 cyclopes
  4 elephants (Lair:6)
  14 merfolk sirens
  3 moths of wrath
  4 black mambas
  2 black mambas (shapeshifter)
  23 cane toads
  A torpor snail (Lair:6)
  5 water nymphs
  2 gargoyles (D:13)
  Maggie (D:8)
  8 komodo dragons
  An unseen horror (D:12)
  5 rime drakes
  4 freezing wraiths
  7 demonic crawlers (Spider:3)
  A polar bear (Lair:5)
  A queen bee (Lair:1)
  31 merfolk
  7 trolls
  9 jumping spiders
  Grinder (D:3)
  22 blink frogs
  2 tyrant leeches (Lair:6)
  9 wind drakes
  2 hornets
  12 snapping turtles
  8 dream sheep
  7 slime creatures (D:12)
  3 shadows
  5 water elementals
  2 hogs (Spider:1)
  31 redbacks
  36 yaks
  8 fire elementals
  5 wraiths
  8 tarantellas
  3 wyverns
  3 basilisks
  2 steam dragons (D:7)
  5 vampire mosquitoes (Lair:6)
  13 wargs
  A naga (shapeshifter) (D:12)
  2 acid dragons
  18 water moccasins
  6 hell hounds
  37 orc warriors
  7 ogres
  12 centaurs
  A necrophage (D:4)
  9 wolves
  A phantom (D:7)
  16 bullfrogs
  2 gnoll sergeants
  A scorpion (D:5)
  A wyvern zombie (D:9)
  39 killer bees
  6 wights (D:8)
  6 howler monkeys
  2 electric eels
  3 bullfrog zombies
  5 centaur zombies
  A jelly (D:4)
  23 orc priests
  2 hounds
  A bullfrog skeleton (D:4)
  3 centaur skeletons
  Ijyb (D:3)
  3 iguanas
  Natasha (twice) (D:2)
  20 orc wizards
  2 hound skeletons (D:4)
  A howler monkey zombie (D:3)
  A howler monkey skeleton (D:7)
  16 gnolls
  8 adders
  13 white imps
  2 ufetubi
  An adder skeleton (D:4)
  A worm (D:2)
  81 orcs
  11 ball pythons
  2 endoplasms (D:1)
  4 giant cockroaches
  9 goblins
  7 hobgoblins
  3 jackals (D:2)
  2 quokkas
  2 bats
  18 kobolds
  4 rats
  6 tentacles (Shoals:2)
974 creatures vanquished.

Vanquished Creatures (collateral kills)
  An orc (Orc:1)
1 creature vanquished.

Vanquished Creatures (others)
  A jumping spider (Spider:2)
  An orc (Orc:1)
  30 fungi
  175 plants
  30 tentacles (Shoals:2)
237 creatures vanquished.

Grand Total: 1212 creatures vanquished

Notes
Turn   | Place    | Note
-------+----------+-------------------------------------------
     0 | D:1      | DiogoH the Ghoul Gladiator began the quest for the Orb.
     0 | D:1      | Reached XP level 1. HP: 17/17 MP: 0/0
    49 | D:1      | Found a faded altar of an unknown god.
   313 | D:1      | Reached XP level 2. HP: 22/25 MP: 1/1
   366 | D:1      | Found Amismaifri's General Store.
   935 | D:2      | Reached skill level 4 in Unarmed Combat
   935 | D:2      | Reached XP level 3. HP: 29/31 MP: 2/2
  1006 | D:2      | Noticed Natasha
  1025 | D:2      | Killed Natasha
  1026 | D:2      | Reached XP level 4. HP: 30/38 MP: 3/3
  1324 | D:2      | Noticed Sigmund
  1396 | D:2      | Noticed Natasha
  1399 | D:2      | Killed Natasha
  1853 | D:3      | Noticed Ijyb
  1868 | D:3      | Killed Ijyb
  2079 | D:3      | Reached XP level 5. HP: 40/46 MP: 4/4
  2084 | D:3      | Reached skill level 5 in Unarmed Combat
  2524 | D:3      | Noticed Grinder
  2544 | D:3      | Killed Grinder
  2545 | D:3      | Reached skill level 5 in Fighting
  2545 | D:3      | Reached skill level 1 in Armour
  2545 | D:3      | Reached XP level 6. HP: 34/56 MP: 5/5
  2897 | D:3      | Reached XP level 7. HP: 13/61 MP: 6/6
  3698 | D:4      | Identified a scroll of acquirement
  3698 | D:4      | Acquired 758 gold pieces
  3922 | D:4      | Reached skill level 6 in Unarmed Combat
  3941 | D:4      | Found an ornate altar of the Wu Jian Council.
  3975 | D:4      | Became a worshipper of the Wu Jian Council
  4246 | D:4      | Reached XP level 8. HP: 61/70 MP: 7/7
  4296 | D:4      | Found Myosus's Serpentskin Sales.
  4300 | D:4      | Bought 8 poisoned darts for 35 gold pieces
  4300 | D:4      | Bought 6 curare-tipped darts for 39 gold pieces
  4354 | D:5      | Entered Level 5 of the Dungeon
  5129 | D:5      | Found Nijik's Assorted Antiques.
  5132 | D:5      | Bought a potion of heal wounds for 95 gold pieces
  5132 | D:5      | Bought a potion of heal wounds for 95 gold pieces
  6019 | D:7      | Identified the +8 trident of Death {pain, rPois rN+ rCorr
                  | Int-2}
  6019 | D:7      | Noticed a cyclops
  6040 | D:7      | Reached skill level 7 in Unarmed Combat
  6196 | D:7      | Noticed a shadow
  6212 | D:7      | Reached skill level 5 in Dodging
  6232 | D:6      | Killed a shadow
  6233 | D:6      | Reached XP level 9. HP: 48/79 MP: 8/8
  6803 | D:7      | Reached * piety under Wu Jian
  7021 | D:7      | Reached skill level 5 in Armour
  7021 | D:7      | Reached skill level 8 in Unarmed Combat
  7559 | D:7      | Killed a cyclops
  7617 | D:7      | Found a staircase to the Ecumenical Temple.
  7796 | Temple   | Entered the Ecumenical Temple
  7920 | D:8      | Reached skill level 9 in Unarmed Combat
  8086 | D:8      | Reached XP level 10. HP: 89/89 MP: 9/9
  8194 | D:8      | Noticed Maggie
  8214 | D:8      | Killed Maggie
  8310 | D:8      | Noticed Harold
  8652 | D:5      | Bought a sharpened lead wand for 76 gold pieces
  9138 | D:8      | Killed Harold
  9139 | D:8      | Reached skill level 10 in Unarmed Combat
  9756 | D:9      | Found a staircase to the Lair.
  9796 | D:9      | Reached ** piety under Wu Jian
  9928 | D:9      | Found a large runed translucent door.
  9930 | D:9      | Found a large runed translucent door.
  9948 | D:9      | Noticed a centaur warrior
  9953 | D:9      | Noticed a naga warrior
 10377 | D:10     | Entered Level 10 of the Dungeon
 10580 | D:10     | Noticed a two-headed ogre
 10597 | D:10     | Killed a two-headed ogre
 10598 | D:10     | Reached skill level 11 in Unarmed Combat
 11144 | D:10     | Reached XP level 11. HP: 99/99 MP: 10/10
 11465 | D:10     | Reached skill level 10 in Fighting
 11868 | Lair:1   | Entered Level 1 of the Lair of Beasts
 12062 | D:9      | Reached skill level 12 in Unarmed Combat
 12709 | Lair:1   | Reached *** piety under Wu Jian
 12897 | Lair:1   | Noticed a death yak
 12902 | Lair:1   | Noticed a death yak
 12902 | Lair:1   | Noticed a death yak
 12939 | Lair:1   | Noticed a death yak
 12945 | Lair:1   | Killed a death yak
 12948 | Lair:1   | Noticed a death yak
 12955 | Lair:1   | Killed a death yak
 12960 | Lair:1   | Killed a death yak
 13653 | D:9      | Killed a death yak
 13654 | D:9      | Reached skill level 13 in Unarmed Combat
 13922 | D:9      | Killed a death yak
 13923 | D:9      | Reached XP level 12. HP: 44/110 MP: 11/11
 14324 | Lair:1   | You fall into a shaft and drop 1 floor!
 14331 | Lair:1   | Noticed an eight-headed hydra
 14608 | Lair:1   | Killed an eight-headed hydra
 16037 | Lair:3   | Noticed a death yak
 16038 | Lair:3   | Noticed a death yak
 16042 | Lair:3   | Noticed a death yak
 16060 | Lair:2   | Killed a death yak
 16263 | Lair:3   | Found a hole to the Spider Nest.
 16345 | Lair:3   | Reached skill level 14 in Unarmed Combat
 16473 | Lair:3   | Noticed a four-headed hydra
 16493 | Lair:3   | Killed a four-headed hydra
 16736 | Lair:3   | Noticed a death yak
 16761 | Lair:2   | Killed a death yak
 17028 | Lair:2   | Killed a death yak
 17046 | Lair:3   | Killed a death yak
 17211 | Lair:3   | Noticed a boulder beetle
 17223 | Lair:3   | Killed a boulder beetle
 17321 | Lair:3   | Found a staircase to the Shoals.
 17592 | Lair:4   | Identified the +1 hand crossbow of Kapt {flame, Fragile
                  | rElec rN+ rCorr}
 17621 | Lair:4   | Reached XP level 13. HP: 118/118 MP: 12/12
 17788 | Lair:4   | Identified the +6 quarterstaff "Xaoc" {flame, Will+ Str+4}
 17807 | Lair:4   | Reached skill level 15 in Unarmed Combat
 18430 | Lair:4   | Reached skill level 10 in Armour
 19216 | Lair:5   | Found a staircase to the Slime Pits.
 19216 | Lair:5   | Found a viscous altar of Jiyva.
 19395 | Lair:5   | Identified the +4 scale mail of Ru's Hatred {rF+ Slay+3}
 19607 | Lair:5   | Reached **** piety under Wu Jian
 19899 | Lair:6   | Entered Level 6 of the Lair of Beasts
 20079 | Lair:5   | Reached skill level 16 in Unarmed Combat
 20185 | Lair:5   | Reached skill level 1 in Stealth
 20185 | Lair:5   | Reached skill level 1 in Evocations
 20565 | Lair:6   | Reached XP level 14. HP: 109/129 MP: 13/13
 20849 | Lair:6   | Reached skill level 5 in Stealth
 21026 | Lair:6   | Reached ***** piety under Wu Jian
 21548 | Lair:6   | Identified the +1 leather armour "Waawnen" {rF++ rCorr
                  | Str-2}
 21957 | D:11     | Reached skill level 5 in Evocations
 21970 | D:11     | Found a flagged portal.
 21983 | Bailey   | Entered a bailey
 22545 | D:11     | Noticed Nergalle
 22551 | D:11     | Killed Nergalle
 23005 | D:12     | Noticed Azrael
 23502 | D:12     | Killed Azrael
 23503 | D:12     | Reached XP level 15. HP: 138/138 MP: 14/14
 23989 | D:12     | Found a staircase to the Orcish Mines.
 24125 | Orc:1    | Entered Level 1 of the Orcish Mines
 24130 | Orc:1    | Found a transporter.
 24444 | Orc:1    | Found Buecof Giop's Jewellery Emporium.
 24447 | Orc:1    | Found Zapao's Distillery.
 24452 | Orc:1    | Bought a ring of willpower for 375 gold pieces
 24477 | Orc:1    | Found a transporter.
 24480 | Orc:1    | Noticed zurenarrh's ghost (journeyman TrHu)
 24543 | Orc:1    | Found Difeir's Weapon Shoppe.
 24634 | Orc:2    | Entered Level 2 of the Orcish Mines
 24634 | Orc:2    | Found a staircase to the Elven Halls.
 24732 | Orc:2    | Found a dark tunnel.
 24819 | Volcano  | Entered a volcano
 25412 | Orc:2    | Found Bozxeh's Book Emporium.
 25641 | Orc:2    | Found Wuamm's Weapon Emporium.
 25672 | Orc:2    | Found Puigemil's Jewellery Boutique.
 25732 | Orc:2    | Reached ****** piety under Wu Jian
 26201 | Orc:2    | Noticed an orc warlord
 26217 | Orc:2    | Killed an orc warlord
 26223 | Orc:2    | Found Tetiwuut's Antique Armour Shoppe.
 26225 | Orc:2    | Found Nonn's Antique Weapon Emporium.
 26340 | Orc:2    | Bought a +4 ring of slaying for 1092 gold pieces
 26340 | Orc:2    | Bought a ring of willpower for 350 gold pieces
 26410 | Orc:1    | Bought a potion of haste for 100 gold pieces
 26410 | Orc:1    | Bought a potion of heal wounds for 50 gold pieces
 26410 | Orc:1    | Bought a potion of resistance for 100 gold pieces
 26410 | Orc:1    | Bought a potion of haste for 100 gold pieces
 26410 | Orc:1    | Bought a potion of might for 40 gold pieces
 26410 | Orc:1    | Bought a potion of invisibility for 80 gold pieces
 26636 | D:5      | Bought a wand of iceblast (7) for 76 gold pieces
 26636 | D:5      | Bought a white potion for 17 gold pieces
 26642 | D:5      | Bought a scroll of fog for 38 gold pieces
 27142 | D:13     | Noticed Rupert
 27930 | D:12     | Reached skill level 15 in Fighting
 27967 | D:13     | Paralysed by Rupert for 3 turns
 29009 | D:13     | Killed Rupert
 29787 | D:12     | Reached XP level 16. HP: 100/149 MP: 15/15
 30851 | D:13     | Reached skill level 1 in Shields
 31065 | D:14     | Reached skill level 5 in Throwing
 31983 | D:14     | Found a basalt altar of Yredelemnul.
 33219 | D:14     | Found a gate to the Vaults.
 33657 | D:15     | Entered Level 15 of the Dungeon
 34532 | D:15     | Found a staircase to the Depths.
 34644 | D:15     | Noticed Agnes
 34652 | D:15     | Killed Agnes
 35143 | Spider:1 | Entered Level 1 of the Spider Nest
 35368 | Spider:1 | Identified the +6 morningstar of Wealth {flame, *Noise
                  | rElec rF+++ Str-5}
 35793 | Spider:1 | Noticed Kirke
 35812 | Spider:1 | Killed Kirke
 37677 | Spider:3 | Reached XP level 17. HP: 150/158 MP: 16/16
 38050 | Spider:3 | Reached skill level 17 in Unarmed Combat
 38325 | Shoals:1 | Entered Level 1 of the Shoals
 39009 | Shoals:1 | Noticed Frances
 39035 | Lair:3   | Killed Frances
 40711 | Shoals:2 | Found Qifrag Ronu's Weapon Boutique.
 40944 | Shoals:2 | Noticed a kraken
 42314 | Shoals:3 | Noticed Ilsuiw
 42815 | Shoals:2 | Killed a kraken
 42816 | Shoals:2 | Reached skill level 10 in Throwing
 43389 | Shoals:3 | Killed Ilsuiw
 45137 | Shoals:3 | Reached XP level 18. HP: 168/168 MP: 17/17
 47312 | Shoals:3 | Reached skill level 18 in Unarmed Combat
 47544 | Shoals:4 | Entered Level 4 of the Shoals
 48900 | Shoals:4 | Identified the ring "Xyda" {rPois rN+}
 49942 | Shoals:4 | Got a barnacled rune of Zot
 49988 | Shoals:4 | HP: 6/169 [frost giant/bolt of cold (20)]
 50645 | Shoals:4 | Got the Compendium of the Nightingale
 52064 | Orc:1    | Identified the +0 cloak of the Gate {Str-2 Int+7 Dex+4}
 52436 | Orc:1    | Killed zurenarrh's ghost
 52880 | Vaults:1 | Entered Level 1 of the Vaults
 52955 | Vaults:1 | Slain by a dire elephant

Illustrated notes

Levels and vault maps discovered:
D:1:      elethiomel_arrival_quiet, layout_basic, serial_shops, shop,
          chequers_ecumenical_altar_island, grunt_decor_one_mirror,
          grunt_decor_junction
D:2:      layout_basic, uniq_natasha, uniq_sigmund
D:3:      layout_loops_corners, uniq_grinder, uniq_ijyb
D:4:      layout_rooms, lemuel_crystal_altar, minmay_misc_feat_columns,
          guppyfry_shop_venom
D:5:      layout_gridville, serial_shops, shop, minmay_misc_feat_hallway,
          water_boxes_lemuel
D:6:      layout_basic
D:7:      cheibrodos_fzero, layout_basic, minmay_temple_entry_proselytizer
D:8:      layout_loops_corners, lemuel_old_faithful, uniq_maggie, uniq_harold
D:9:      okawaru_arena_lexackson, layout_basic, lair_entry_dummy
D:10:     layout_basic, kennysheep_generic_room_16
D:11:     minmay_diamond_stairs, layout_rooms, enter_bailey_8,
          chequers_serial_rivers_micro_a, uniq_nergalle
D:12:     layout_rooms, orc_0_dummy, uniq_azrael
D:13:     layout_cross, uniq_rupert
D:14:     layout_long_grid, david_vaults_1, minmay_misc_feat_tower,
          yredelemnul_altar_generic
D:15:     hangedman_depths_entry_try_elsewhere_first, layout_basic,
          chequers_avenue, uniq_agnes
Temple:   grunt_wide_crystal_templ
Lair:1:   layout_cave_shapes, special_room [special_room_bee], st_stairs_9,
          chequers_serial_rivers_micro_b, serial_bayou_shore_a,
          grunt_megastairs_3, lemuel_fruit_tree
Lair:2:   layout_regular_city, portal_ice_cave_entry_imps, beast_lair_carwin_11
Lair:3:   layout_regular_city, minmay_shoals_entry_lonely_mermaid,
          spider_nest_entry_webs, minmay_holes, grunt_megastairs_2
Lair:4:   layout_cave_pods
Lair:5:   layout_hall_layers, slime_altar_1, nzn_sisyphean_effort
Lair:6:   minmay_lair_end_frog_pond, layout_gridlike,
          infiniplex_staircase_pool_2
Shoals:1: layout_shoals, uniq_frances
Shoals:2: layout_shoals, serial_shops, nicolae_stop_n_shop_1
Shoals:3: layout_shoals, nicolae_shoals_siren_and_animal_friends, uniq_ilsuiw
Shoals:4: shoals_end_grunt_ice, layout_shoals
Spider:1: layout_spider_delve, uniq_kirke
Spider:2: layout_spider_delve
Spider:3: nicolae_spider_hilbert_zone_7 [nicolae_spider_hilbert_4_sides_1_open,
          nicolae_spider_hilbert_4_sides_1_open,
          nicolae_spider_hilbert_4_sides_1_open,
          nicolae_spider_hilbert_4_sides_1_open,
          nicolae_spider_hilbert_3_sides_1_open,
          nicolae_spider_hilbert_3_sides_1_open,
          nicolae_spider_hilbert_3_sides_1_open,
          nicolae_spider_hilbert_3_sides_1_open,
          nicolae_spider_hilbert_4_sides_1_open,
          nicolae_spider_hilbert_4_sides_1_open,
          nicolae_spider_hilbert_4_sides_1_open,
          nicolae_spider_hilbert_2_sides_1_open,
          nicolae_spider_hilbert_2_sides_1_open,
          nicolae_spider_hilbert_2_sides_1_open,
          nicolae_spider_hilbert_2_sides_1_open,
          nicolae_spider_hilbert_2_sides_1_open,
          nicolae_spider_hilbert_2_sides_1_open],
          nicolae_spider_some_kinda_spiderbox, uniq_arachne, uniq_jorgrun
Orc:1:    layout_caves, serial_shops, shop, gammafunk_ghost_berserking_beasts,
          guppyfry_orc_lava_fort
Orc:2:    grunt_orc_community_town_hall, layout_caves,
          grunt_orc_community_big_house_1, grunt_orc_community_big_house_1,
          grunt_orc_community_house_1, grunt_orc_community_house_1,
          grunt_orc_community_house_2, grunt_orc_community_house_2,
          nicolae_volcano_entry_vermiform, serial_shops,
          nicolae_shop_behind_doors
Vaults:1: st_squares, grunt_vaults_bifocal, hangedman_vaults_cutoff,
          v_alt_pattern_4, hangedman_vaults_maws, v_misc_27,
          nicolae_vaults_network_quinsquares
          [nicolae_vaults_network_quincunx_subvault,
          nicolae_vaults_network_quincunx_subvault,
          nicolae_vaults_network_quincunx_subvault,
          nicolae_vaults_network_quincunx_subvault], dpeg_vaults_monster_box,
          v_misc_11, vaults_room_stairs_pillars, layout_vaults_big_room

Skill      XL: |  1  2  3  4  5  6  7  8  9 10 11 12 13 14 15 16 17 18 |
---------------+-------------------------------------------------------+-----
Fighting       | 3 4 5 6 7 8 9 11 12 13 14 15 16 17 | 17.2
Unarmed Combat | 4 5 6 7 9 11 13 14 16 17 18 | 18.6
Armour         | 1 2 3 4 5 7 8 9 10 11 12 13 14 | 14.2
Dodging        | 3 4 5 6 |  6.0
Stealth        | 3 7 8 |  8.0
Evocations     | 2 5 8 |  8.0
Throwing       | 4 7 10 | 10.9
Shields        | 4 |  4.0

Action                   |  1- 3 |  4- 6 |  7- 9 | 10-12 | 13-15 | 16-18 || total
-------------------------+-------+-------+-------+-------+-------+-------++-------
Melee: Unarmed           |    63 |   121 |   318 |   682 |  1218 |  1618 ||  4020
       Punch             |     1 |     2 |    12 |    40 |    78 |       ||   133
Throw: Throwing net      |       |     3 |       |     1 |       |     1 ||     5
       Javelin           |       |     2 |    14 |     4 |     9 |    29 ||    58
       Stone             |       |       |     6 |       |       |       ||     6
       Dart              |       |       |    10 |     8 |    13 |    20 ||    51
       Boomerang         |       |       |       |       |    17 |    63 ||    80
Invok: Lunge             |       |       |    33 |    41 |   135 |   160 ||   369
       Whirlwind         |       |       |    12 |    24 |   178 |   148 ||   362
       Serpent's Lash    |       |       |       |     5 |     9 |    19 ||    33
       Heavenly Storm    |       |       |       |       |     2 |     3 ||     5
 Abil: Wall Jump         |       |       |       |    22 |    64 |    25 ||   111
Evoke: Wand              |       |     1 |       |    12 |    17 |    15 ||    45
       Condenser vane    |       |       |       |       |     1 |     2 ||     3
  Use: Scroll            |       |       |    12 |    13 |    10 |     7 ||    42
       Potion            |       |       |     2 |     3 |     6 |    22 ||    33
 Stab: Sleeping          |       |       |       |       |    12 |    19 ||    31
       Distracted        |       |       |       |       |     1 |     4 ||     5
       Confused          |       |       |       |       |       |     2 ||     2
       Held in net/web   |       |       |       |       |       |     1 ||     1
Armor: Leather armour    |    14 |    20 |     2 |       |       |       ||    36
       Ring mail         |       |       |    59 |       |       |       ||    59
       Plate armour      |       |       |    36 |    71 |       |       ||   107
       Chain mail        |       |       |    20 |       |       |       ||    20
       Storm dragon scal |       |       |       |   204 |    65 |       ||   269
       Scale mail        |       |       |       |       |   354 |   376 ||   730
Dodge: Dodged            |    25 |    57 |   146 |   240 |   368 |   545 ||  1381
Block: Other             |       |       |    42 |   112 |   167 |       ||   321
       Reflection        |       |       |     1 |     2 |    27 |    60 ||    90
       Buckler           |       |       |       |       |     5 |   485 ||   490
